 Dungeon Crawl Stone Soup version 0.31-a0-1612-g4aaf141004 (webtiles) character file.

Game seed: 7841081266206380646

60 MisterAzrael the Magician (level 3, 0/19 HPs)
             Began as a Deep Elf Earth Elementalist on Jan 10, 2024.
             Slain by a rat (1 damage)
             ... on level 2 of the Dungeon.
             The game lasted 00:02:18 (1337 turns).

MisterAzrael the Magician (DEEE)                    Turns: 1337, Time: 00:02:18

Health: 0/19       AC:  2    Str:  5    XL:     3   Next: 82%
Magic:  5/10       EV: 12    Int: 21    God:
Gold:   73         SH:  0    Dex: 15    Spells: 6/10 levels left

rFire   + . .        f - staff of fire
rCold   . . .        (no shield)
rNeg    . . .        a - +0 robe
rPois   .            (no helmet)
rElec   .            b - scarf {repulsion}
rCorr   .            (no gloves)
SInv    .            (no boots)
Will    .....        (no amulet)
Stlth   ++           (no ring)
HPRegen 0.23/turn    (no ring)
MPRegen 0.12/turn

%: repel missiles
@: no status effects
A: no striking features
a: no special abilities


You were on level 2 of the Dungeon.
You visited 1 branch of the dungeon, and saw 2 of its levels.

You collected 73 gold pieces.

Inventory:

Armour
 a - a +0 robe (worn)
 b - a scarf of repulsion (worn)
Magical Staves
 f - a staff of fire (weapon)
Scrolls
 c - a scroll of fog {unknown}
 h - a scroll of identify {unknown}
 i - a scroll of summoning {unknown}
Potions
 d - a potion of curing {unknown}
 e - 3 potions of enlightenment {unknown}
 g - a potion of ambrosia {unknown}
 j - a potion of mutation {unknown}


   Skills:
 - Level 2.4 Dodging
 - Level 2.4 Stealth
 + Level 4.1 Spellcasting
 + Level 2.3 Conjurations
 + Level 4.0 Earth Magic
 + Level 0.7 Evocations


You had 6 spell levels left.
You knew the following spells:

 Your Spells              Type           Power      Damage    Failure   Level
a - Sandblast             Erth           42%        2d11      2%          1
b - Stone Arrow           Conj/Erth      34%        3d9       10%         3

Your spell library contained the following spells:

 Spells                   Type           Power      Damage    Failure   Level
 Passwall                 Erth           21%        N/A       7%          3
 Brom's Barrelling Bould  Conj/Erth      17%        2d4       32%         4
 Petrify                  Alch/Erth      12%        N/A       45%         4


Dungeon Overview and Level Annotations

Branches:
Dungeon (2/15)

Altars:
Makhleb

Annotations:
D:2 Terence


Message History

The blast of sand hits the ribbon worm.
The ribbon worm is almost dead.
The blast of sand hits the ribbon worm!
You kill the ribbon worm!
Your Earth Magic skill increases to level 4!
You can't see any susceptible monsters within range! (Use Z to cast anyway.)
You can't see any susceptible monsters within range! (Use Z to cast anyway.)
j - a clear potion
Found a stone staircase leading down.
Terence the Incautious comes into view.
He is wielding a +0 short sword.
Found a ring mail.
You can't see any susceptible monsters within range! (Use Z to cast anyway.)
The blast of sand hits Terence but does no damage.
Terence shouts!
The blast of sand hits Terence.
Terence is lightly wounded.
The blast of sand hits Terence.
Terence is moderately wounded.
Terence hits you with a +0 short sword.
A rat comes into view.
The blast of sand hits Terence.
Terence is heavily wounded.
Terence hits you with a +0 short sword. Terence closely misses you.
Terence attacks as he pursues you! Terence misses you.
Terence attacks as he pursues you! Terence barely misses you.
Aiming: Sandblast (safe; 2% risk of failure)
Press: ? - help, Q - select action Shift-Dir - straight line, f/p - Terence
Aim: Terence, wielding a +0 short sword and wearing a +0 chain mail (heavily wounded, 87% to hit)
The blast of sand hits Terence.
Terence is severely wounded.
Terence hits you with a +0 short sword. The rat closely misses you.
Aiming: Sandblast (safe; 2% risk of failure)
Press: ? - help, Q - select action Shift-Dir - straight line, f/p - Terence
Aim: Terence, wielding a +0 short sword and wearing a +0 chain mail (severely wounded, 87% to hit)
The blast of sand hits Terence but does no damage.
Terence is severely wounded.
Terence hits you with a +0 short sword.
* * * LOW HITPOINT WARNING * * *
The rat barely misses you. The rat bites you.
You die...

.............##.......#
............#..........
............#.........#
..............._......+
......................#
..................#...#
..####.....†..#...#.
.........#.......[
...........@.......
..........@r.......
...................
.###+##.....####...
#..#..# .. .....#... .
....>#.#.# ##.#.......
#.#.##.#.##


You could see Terence and a rat.

Vanquished Creatures
  A gnoll (D:1)
  2 ribbon worms (D:2)
  2 dart slugs (D:1)
  4 endoplasms
  2 giant cockroaches (D:1)
  4 hobgoblins
  3 quokkas
  A ball python (D:1)
  5 bats
  8 frilled lizards (D:1)
  4 goblins
  3 kobolds (D:1)
  4 rats (D:1)
43 creatures vanquished.

Notes
Turn   | Place    | Note
-------+----------+-------------------------------------------
     0 | D:1      | MisterAzrael the Deep Elf Earth Elementalist began the
                  | quest for the Orb.
     0 | D:1      | Reached XP level 1. HP: 10/10 MP: 6/6
    10 | D:1      | Noticed an ogre
    80 | D:1      | Reached XP level 2. HP: 5/15 MP: 8/8
   373 | D:1      | Reached XP level 3. HP: 19/19 MP: 5/10
   477 | D:1      | Learned a level 3 spell: Stone Arrow
  1278 | D:2      | Found a burning altar of Makhleb.
  1325 | D:2      | Noticed Terence
  1337 | D:2      | Slain by a rat

Illustrated notes

Levels and vault maps discovered:
D:1:      evilmike_arrival_come_back, layout_basic, minmay_lizard_king
D:2:      layout_basic, basic_altar, uniq_terence, uniq_sigmund

Skill      XL: |  1  2  3 |
---------------+----------+-----
Conjurations   | 2 |  2.3
Spellcasting   | 4 |  4.1
Earth Magic    | 4 |  4.0
Dodging        | |  2.4
Stealth        | |  2.4
Evocations     | |  0.7

Action                     || total
---------------------------++-------
  Melee: Staff             ||     2
   Cast: Sandblast         ||    69
    Use: Potion            ||     1
 Armour: Robe              ||    22
  Dodge: Dodged            ||    25
         Repelled          ||     1

Table legend: (Time is in decaauts)
 A = Elapsed time spent in this place.
 B = Non-inter-level travel time spent in this place.
 C = Inter-level travel time spent in this place.
 D = Time resting spent in this place.
 E = Time spent auto-exploring this place.
 F = Levels seen in this place.
 G = Mean time per level.
                   A        B        C        D        E       F      G
               +--------+--------+--------+--------+--------+-----+--------+
         Total |   1370 |   1327 |     43 |     47 |   1002 |   2 |  685.0 |
       Dungeon |   1370 |   1327 |     43 |     47 |   1002 |   2 |  685.0 |
               +--------+--------+--------+--------+--------+-----+--------+

Top non-repeatable levels by time:
     D:1: 1162 daAuts
     D:2: 208 daAuts
